 Dungeon Crawl Stone Soup version 0.30-b1-2-g02819fbbbe (webtiles) character file.

Game seed: 4195283095563872048

12752 redmage the Geomancer (level 12, -1/96 HPs)
             Began as a Meteoran Ice Elementalist on July 31, 2023.
             Was a Believer of Sif Muna.
             Shot with an arrow by a centaur warrior (16 damage)
             ... on level 8 of the Dungeon.
             The game lasted 00:59:32 (3292 turns).

redmage the Geomancer (Meteoran Ice Elementalist)   Turns: 3292, Time: 00:59:32

Health: -1/96      AC: 21    Str: 16    XL:     12   Next: 54%
Magic:  3/20       EV: 12    Int: 22    God:    Sif Muna [**....]
Gold:   1047       SH:  0    Dex: 18    Spells: 3/20 levels left

rFire   . . .        i - +1 rapier (heavy)
rCold   . . .        (no shield)
rNeg    . . .        r - +0 troll leather armour
rPois   .            J - +2 helmet
rElec   .            (no cloak)
rCorr   .            g - +2 pair of gloves {Dex+3}
SInv    .            D - +2 pair of boots
Will    +....        H - amulet of faith
Stlth   +            I - ring "Ulelio Dust" {Str+6 Slay+2 Stlth+}
HPRegen 1.16/turn    C - ring of flight
MPRegen 0.17/turn

%: faith
@: ice-armoured, flying, glowing, studying Polearms
A: sense surroundings 2, otherworldly, glowing, explore regen
a: Renounce Religion, Channel Magic


You were on level 8 of the Dungeon.
You worshipped Sif Muna.
Sif Muna was pleased with you.
You visited 2 branches of the dungeon, and saw 12 of its levels.
You also visited: Bailey.

You collected 1299 gold pieces.
You spent 252 gold pieces at shops.

Inventory:

Hand Weapons
 a - the +9 whip "Kautrim" {holy, Drain Fly rN++ rCorr}
   (You found it on level 8 of the Dungeon)

   rN:        It greatly protects you from negative energy.
   Fly:       It grants you flight.
   rCorr:     It protects you from acid and corrosion.
   Drain:     It drains your maximum health when unequipped.
 b - a +0 spear of venom
 c - a +1 short sword of protection
 i - a +1 heavy rapier (weapon)
 G - a +0 club
Missiles
 k - 8 datura-tipped darts
 t - 15 boomerangs
 v - 14 curare-tipped darts (quivered)
Armour
 g - a +2 pair of gloves of dexterity (worn)
 r - a +0 troll leather armour (worn)
 z - the +3 scale mail of Narcissism {+Inv Will+ rCorr}
   (You bought it in a shop on level 8 of the Dungeon)

   +Inv:      It lets you turn invisible.
   rCorr:     It protects you from acid and corrosion.
   Will:      It increases your willpower.
 D - a +2 pair of boots (worn)
 J - a +2 helmet (worn)
Magical Staves
 n - a staff of poison
 q - a staff of earth
Jewellery
 l - an amulet of regeneration
 x - a ring of resist corrosion
 B - an amulet of magic regeneration
 C - a ring of flight (right hand)
 H - an amulet of faith (around neck)
 I - the ring "Ulelio Dust" (left hand) {Str+6 Slay+2 Stlth+}
   (You found it on level 11 of the Dungeon)

   [ring of strength]

   Str:       It affects your strength (+6).
   Slay:      It affects your accuracy & damage with ranged weapons and melee
   (+2).
   Stlth:     It makes you more stealthy.
Wands
 j - a wand of roots (14)
 o - a wand of acid (12)
 p - a wand of flame (24)
 s - a wand of charming (9)
Scrolls
 e - a scroll of silence
 y - 2 scrolls of poison
 A - 2 scrolls of teleportation
 E - 2 scrolls of enchant armour
 F - a scroll of identify
Potions
 d - 2 potions of brilliance
 f - 2 potions of curing
 h - 2 potions of haste
 w - 2 potions of mutation
 K - 2 potions of lignification
Miscellaneous
 m - a phantom mirror
 u - a piece from Xom's chessboard (15/15)


   Skills:
 - Level 6.0 Fighting
 - Level 6.0 Short Blades
 - Level 0.5 Maces & Flails
 - Level 6.0 Armour
 - Level 2.4 Dodging
 - Level 1.4 Stealth
 + Level 4.6 Spellcasting
 - Level 6.0 Summonings
 - Level 10.0 Necromancy
 - Level 6.0 Translocations
 - Level 8.8 Ice Magic
 + Level 10.1 Earth Magic


You had 3 spell levels left.
You knew the following spells:

 Your Spells              Type           Power      Damage    Failure   Level
a - Freeze                Ice            100%       1d10      1%          1
b - Frozen Ramparts       Ice            88%        1d14      1%          3
c - Ozocubu's Armour      Ice            44%        N/A       1%          3
d - Summon Ice Beast      Ice/Summ       37%        N/A       6%          4
e - Borgnjor's Vile Clut  Necr/Erth      24%        N/A       5%          5
h - Apportation           Tloc           62%        N/A       1%          1

Your spell library contained the following spells:

 Spells                   Type           Power      Damage    Failure   Level
 Animate Dead             Necr           49%        N/A       1%          4
 Death Channel            Necr           24%        N/A       30%         6
 Alistair's Intoxication  Tmut/Pois      3%         N/A       98%         5


Dungeon Overview and Level Annotations

Branches:
Dungeon (11/15) Zot: 3533  Temple (1/1) D:4 Zot: 526  Bailey (visited)
   Lair: D:8-11         Orc: D:9-12

Altars:
Ashenzari
Cheibriados
Dithmenos
Elyvilon
Fedhas
Gozag
Kikubaaqudgha
Makhleb
Okawaru
Qazlal
Sif Muna
Trog
Vehumet
Wu Jian
Xom
Yredelemnul
Zin
The Shining One

Shops:
D:8 [


Innate Abilities, Weirdness & Mutations

You passively map the area around you.
You are easily found by Zot.
You glow in the dark.
You regain HP and MP as you explore.


Message History

The tengu warrior claws you but does no damage.
The wall freezes the centaur warrior!
Unknown command.
You puncture the tengu warrior!
You kill the tengu warrior!
Sif Muna accepts your kill.
The frozen ramparts melt away.
The centaur warrior wields a +0 shortbow.
The centaur warrior shoots an arrow.
The arrow hits you!
* * * LOW HITPOINT WARNING * * *
The centaur warrior shoots an arrow.
The arrow misses you.
Training target 10.0 for Necromancy reached!
Your Necromancy skill increases to level 10!
You need to enable at least one skill for training.
Aiming: Fastroot
Press: ? - help, Shift-Dir - straight line, f - centaur warrior
Aim: a centaur warrior, wielding a +0 shortbow and quivering poisoned darts (severely wounded, covered in acid)
The roots erupt in riotous growth!
Roots grab the centaur warrior.
The grasping roots constrict the centaur warrior.
You hear a shout!
You hear an angry hiss.
You hear a shout!
The centaur warrior struggles to escape constriction.
A centaur warrior comes into view.
Unknown command.
Unknown command.
Aiming: Fastroot
Press: ? - help, Shift-Dir - straight line, f - centaur warrior, p - centaur warrior
Aim: a centaur warrior The roots erupt in riotous growth!
Roots grab the centaur warrior.
The centaur warrior is unaffected.
The grasping roots constrict the centaur warrior. x2
You hear a bellow!
The roots release their grip on the centaur warrior.
The centaur warrior shoots an arrow.
The arrow hits you but does no damage.
The centaur warrior wields a +0 shortbow.
The centaur warrior shoots an arrow.
The arrow hits you!
* * * LOW HITPOINT WARNING * * *
The centaur warrior shoots an arrow.
The arrow hits you!
You die...

, * #....#* ..# , ,**
#....# , ,, * * * ###
##....#, , ,..[
##.#.# ,* ,*# *#.# #
#..... , #.##.##.##!#
#....., *
......ccC.C# ######+
* , * #)#* , * * * *
*##@##,##### , *
#...#* ...** * * *
####.#####.#* ##.#.#
#.##.##.##.##.##...#
#....)........##.#.#
#.##.##.##†##.##.#.##
#.##.#####.##*##..(#.
###(.. #...# #<....
#####*##.######..##


You could see 2 centaur warriors and a cyclops.

Vanquished Creatures
  A boulder beetle (D:11)
  A centaur warrior (D:8)
  3 two-headed ogres
  A tengu warrior (D:8)
  Pikel (D:6)
  An ugly thing (D:8)
  Psyche (D:9)
  A troll (D:9)
  4 wyverns
  Eustachio (D:5)
  A steam dragon (D:8)
  4 orc warriors (Bailey)
  3 black bears
  An ice beast (D:6)
  2 ogres
  A phantom (D:5)
  3 centaurs
  Blork the orc (D:5)
  6 kobold brigands
  6 bullfrogs
  A wyvern zombie (D:6)
  A scorpion (D:6)
  8 wights
  11 killer bees
  4 howler monkeys
  A nameless horror (D:8)
  A centaur zombie (D:6)
  2 centaur skeletons (D:6)
  A gnoll bouda (D:5)
  5 hounds
  4 bullfrog zombies (D:6)
  5 orc priests
  A bullfrog skeleton (D:6)
  3 iguanas
  6 orc wizards
  2 killer bee zombies (D:6)
  7 gnolls (D:5)
  2 adders (D:5)
  An ufetubus (D:6)
  A dart slug (D:5)
  21 orcs
  4 endoplasms
  A giant cockroach (D:4)
  6 goblins
  A hobgoblin (D:2)
  4 jackals (D:3)
  4 ball pythons
  29 kobolds
180 creatures vanquished.

Vanquished Creatures (collateral kills)
  2 two-headed ogres
  An ugly thing (D:11)
  Menkaure (D:6)
  An orc warrior (Bailey)
  A centaur (D:7)
  A lemure (D:6)
  2 kobold brigands
  2 wyvern zombies (D:6)
  4 wights
  4 killer bees
  2 howler monkeys (D:10)
  A jelly (D:6)
  A centaur skeleton (D:6)
  A sleepcap (D:4)
  An iguana (D:7)
  A howler monkey zombie (D:6)
  3 adders
  A white imp (D:7)
  4 orcs
  2 goblins (D:7)
  A kobold (Bailey)
37 creatures vanquished.

Vanquished Creatures (others)
  An orc knight (Bailey)
  10 plants (D:6)
11 creatures vanquished.

Grand Total: 228 creatures vanquished

Notes
Turn   | Place    | Note
-------+----------+-------------------------------------------
     0 | D:1      | redmage the Meteoran Ice Elementalist began the quest for
                  | the Orb.
     0 | D:1      | Reached XP level 1. HP: 14/14 MP: 5/5
    42 | D:2      | Identified the +4 leather armour of the Unbroken {Will+++
                  | rCorr Int-2 Slay-3}
    59 | D:2      | Reached XP level 2. HP: 20/20 MP: 3/6
   123 | D:4      | Reached XP level 3. HP: 26/26 MP: 0/8
   127 | D:4      | Learned a level 3 spell: Frozen Ramparts
   131 | D:4      | Learned a level 3 spell: Ozocubu's Armour
   161 | D:3      | Reached skill level 5 in Ice Magic
   162 | D:3      | Reached XP level 4. HP: 18/33 MP: 3/9
   223 | D:5      | Entered Level 5 of the Dungeon
   228 | D:5      | Noticed Blork the orc
   236 | D:5      | Reached XP level 5. HP: 26/38 MP: 4/10
   247 | D:5      | Killed Blork the orc
   248 | D:5      | Reached XP level 6. HP: 4/45 MP: 9/11
   362 | D:6      | Noticed a black bear
   370 | D:6      | Killed a black bear
   371 | D:6      | Reached XP level 7. HP: 42/50 MP: 3/12
   384 | D:5      | Learned a level 4 spell: Summon Ice Beast
   418 | D:5      | Noticed Eustachio
   428 | D:5      | Reached skill level 1 in Summonings
   447 | D:5      | Killed Eustachio
   448 | D:5      | Reached XP level 8. HP: 57/57 MP: 4/13
   459 | D:5      | Found a glowing golden altar of the Shining One.
   572 | D:7      | Reached skill level 5 in Summonings
   661 | D:7      | Found a shimmering altar of Xom.
   723 | D:6      | Found a white marble altar of Elyvilon.
   732 | D:6      | Reached skill level 1 in Fighting
   732 | D:6      | Reached skill level 1 in Short Blades
   732 | D:6      | Reached skill level 1 in Armour
   744 | D:6      | Noticed Pikel
   755 | D:6      | Killed Pikel
   756 | D:6      | Gained mutation: You passively map the area around you.
                  | [Meteoran growth]
   756 | D:6      | Reached XP level 9. HP: 47/70 MP: 1/14
   869 | D:6      | Learned a level 1 spell: Apportation
   892 | D:6      | Reached skill level 1 in Translocations
   966 | D:6      | Noticed Menkaure
   978 | D:6      | Killed Menkaure
  1105 | D:7      | Reached skill level 5 in Armour
  1119 | D:7      | Found a flagged portal.
  1143 | Bailey   | Entered a bailey
  1176 | Bailey   | Reached XP level 10. HP: 52/80 MP: 2/15
  1232 | Bailey   | Reached skill level 5 in Fighting
  1242 | Bailey   | Noticed an orc knight
  1249 | Bailey   | Reached skill level 5 in Short Blades
  1251 | Bailey   | Reached skill level 5 in Translocations
  1270 | Bailey   | Found an iron altar of Okawaru.
  1348 | D:7      | Reached skill level 1 in Earth Magic
  1444 | D:7      | Identified the +0 robe "Tumma" {Will+ Dex+7 Stlth-}
  1913 | D:4      | Found a staircase to the Ecumenical Temple.
  1927 | Temple   | Entered the Ecumenical Temple
  1961 | Temple   | Became a worshipper of Sif Muna the Loreminder
  1968 | Temple   | Learned a level 5 spell: Borgnjor's Vile Clutch
  2077 | D:8      | Identified the +9 whip "Kautrim" {holy, Drain Fly rN++
                  | rCorr}
  2120 | D:8      | Reached skill level 1 in Necromancy
  2167 | D:8      | Reached XP level 11. HP: 89/89 MP: 15/18
  2170 | D:8      | Noticed a two-headed ogre
  2193 | D:8      | Killed a two-headed ogre
  2194 | D:8      | Reached skill level 5 in Earth Magic
  2213 | D:8      | Reached * piety under Sif Muna
  2266 | D:8      | Found a radiant altar of Vehumet.
  2293 | D:8      | Reached skill level 5 in Necromancy
  2306 | D:8      | Found Kikhutoqie's Antique Armour Shoppe.
  2317 | D:8      | Bought a faintly humming scale mail for 252 gold pieces
  2317 | D:8      | Identified the +3 scale mail of Narcissism {+Inv Will+
                  | rCorr} (You bought it in a shop on level 8 of the Dungeon)
  2445 | D:9      | Noticed Psyche
  2451 | D:9      | Killed Psyche
  2458 | D:10     | Entered Level 10 of the Dungeon
  2466 | D:10     | Noticed a two-headed ogre
  2487 | D:10     | Killed a two-headed ogre
  2612 | D:9      | Found a basalt altar of Yredelemnul.
  2613 | D:9      | Found a burning altar of Makhleb.
  2613 | D:9      | Found an ornate altar of the Wu Jian Council.
  2613 | D:9      | Found a shadowy altar of Dithmenos.
  2621 | D:9      | Found a snail-covered altar of Cheibriados.
  2621 | D:9      | Found a stormy altar of Qazlal.
  2695 | D:9      | Reached ** piety under Sif Muna
  2786 | D:10     | Noticed a two-headed ogre
  2795 | D:10     | Noticed a two-headed ogre
  2798 | D:10     | Killed a two-headed ogre
  2802 | D:10     | Killed a two-headed ogre
  2924 | D:11     | Identified the ring "Ulelio Dust" {Str+6 Slay+2 Stlth+}
  2966 | D:11     | Noticed a white ugly thing
  2972 | D:11     | Killed a white ugly thing
  2973 | D:11     | Reached XP level 12. HP: 66/96 MP: 10/19
  2990 | D:11     | Noticed a boulder beetle
  3006 | D:11     | Killed a boulder beetle
  3236 | D:8      | Noticed a two-headed ogre
  3237 | D:8      | Noticed a centaur warrior
  3244 | D:8      | Killed a two-headed ogre
  3248 | D:8      | Killed a centaur warrior
  3249 | D:8      | Reached skill level 10 in Earth Magic
  3276 | D:8      | Noticed a tengu warrior
  3279 | D:8      | Noticed a centaur warrior
  3290 | D:8      | Killed a tengu warrior
  3291 | D:8      | Reached skill level 10 in Necromancy
  3291 | D:8      | Noticed a centaur warrior
  3292 | D:8      | Shot with an arrow by a centaur warrior

Illustrated notes

Levels and vault maps discovered:
D:1:      erik_arrival_triangle_small, layout_loops_ring
D:2:      layout_basic
D:3:      layout_basic, nicolae_uskayaw_en_pointe, nemelex_spade_bored_becter,
          grunt_decor_one_mirror
D:4:      layout_loops_ring, minmay_temple_entry_poolview, minmay_manual_mess,
          uniq_grinder
D:5:      layout_rooms, tso_altar, uniq_blork_the_orc, uniq_eustachio
D:6:      layout_basic, mainiacjoe_overflow_catwalk, serial_undead,
          serial_undead_b, serial_undead_c, serial_undead_d, serial_undead_d,
          solitary_fountain, serial_bayou_crossing, uniq_pikel, uniq_menkaure
D:7:      layout_rooms, xom_teletrap_fun, enter_bailey_5
D:8:      hangedman_cross_veins, layout_basic,
          mainiacjoe_overflow_concentric_impassable, serial_shops, shop,
          eino_curves_04
D:9:      layout_irregular_city, minmay_overflow_temple_hex, lair_entry_dummy,
          dk_noncrumbling_2, uniq_psyche
D:10:     layout_rooms
D:11:     layout_basic, serial_corexii_hall, corexii_hall_statues_i,
          chequers_hall_statues_corner_a
Temple:   jpeg_temple_alley_garden

Skill      XL: |  1  2  3  4  5  6  7  8  9 10 11 12 |
---------------+-------------------------------------+-----
Spellcasting   | 3 4 |  4.6
Ice Magic      | 5 6 7 8 |  8.8
Summonings     | 3 6 |  6.0
Fighting       | 3 4 6 |  6.0
Short Blades   | 3 4 6 |  6.0
Armour         | 3 5 6 |  6.0
Translocations | 3 6 |  6.0
Earth Magic    | 4 8 10 | 10.1
Necromancy     | 2 8 10 | 10.0
Maces & Flails | |  0.5
Dodging        | |  2.4
Stealth        | |  1.4

Action                     |  1- 3 |  4- 6 |  7- 9 | 10-12 || total
---------------------------+-------+-------+-------+-------++-------
  Melee: Hand axe          |       |     2 |       |       ||     2
         Unarmed           |       |     1 |       |       ||     1
         Spear             |       |    22 |    36 |    26 ||    84
         Punch             |       |     1 |     1 |     5 ||     7
         Rapier            |       |       |    96 |   181 ||   277
  Throw: Dart              |       |       |       |     4 ||     4
         Boomerang         |       |       |       |     1 ||     1
   Cast: Freeze            |    23 |     5 |     4 |    19 ||    51
         Frozen Ramparts   |     1 |     8 |    15 |    38 ||    62
         Ozocubu's Armour  |       |     2 |    10 |    20 ||    32
         Summon Ice Beast  |       |       |    12 |    22 ||    34
         Apportation       |       |       |     2 |    26 ||    28
         Borgnjor's Vile C |       |       |       |     5 ||     5
  Evoke: Wand              |       |       |     1 |    14 ||    15
    Use: Scroll            |       |     3 |       |     8 ||    11
         Potion            |       |     3 |       |     2 ||     5
   Stab: Distracted        |       |       |     2 |     2 ||     4
 Armour: Leather armour    |     8 |    17 |   123 |    94 ||   242
         Skin              |       |       |       |    36 ||    36
         Troll leather arm |       |       |       |    43 ||    43
  Dodge: Dodged            |     8 |    14 |   119 |   145 ||   286
